 Dungeon Crawl Stone Soup version 0.29.0-4-gdea44cf6ec (webtiles) character file.

Game seed: 11147858956357649940

81 qw the Chopper (level 4, 0/26 HPs)
             Began as a Tengu Warper on Aug 28, 2022.
             Slain by a gnoll
             ... wielding a +0 spear
              (4 damage)
             ... on level 2 of the Dungeon.
             The game lasted 00:00:10 (1830 turns).

qw the Chopper (Tengu Warper)                       Turns: 1830, Time: 00:00:10

Health: 0/26       AC:  5    Str: 13    XL:     4   Next: 40%
Magic:  8/8        EV: 11    Int: 14    God:
Gold:   89         SH:  0    Dex: 13    Spells: 7/7 levels left

rFire   . . .      SeeInvis .   Y - +1 hand axe
rCold   . . .      Faith    .   (no shield)
rNeg    + . .      Spirit   .   g - +0 ring mail
rPois   .          Reflect  .   (helmet restricted)
rElec   .          Harm     .   (no cloak)
rCorr   .          Rampage  .   (no gloves)
Will    .....                   (boots unavailable)
Stlth   +.........              (no amulet)
HPRegen 0.08/turn               d - ring of positive energy
MPRegen 0.11/turn               (no ring)

@: no status effects
A: beak, talons 3
a: no special abilities


You were on level 2 of the Dungeon.
You visited 1 branch of the dungeon, and saw 2 of its levels.

You collected 89 gold pieces.


Innate Abilities, Weirdness & Mutations

You have a beak for a mouth.
You have claws for feet.


   Skills:
 - Level 2.0 Fighting
 + Level 5.0 Axes
 - Level 1.0 Throwing
 - Level 1.1 Armour
 - Level 2.1 Dodging
 - Level 2.0 Spellcasting
 - Level 2.4 Translocations


You had 7 spell levels left.
You didn't know any spells.
Your spell library contained the following spells:

 Spells                   Type           Power      Damage    Failure   Level
 Blink                    Tloc           16%        N/A       28%         2
 Gell's Gravitas          Tloc           8%         N/A       50%         3
 Lesser Beckoning         Tloc           8%         N/A       50%         3
 Teleport Other           Tloc           8%         N/A       50%         3
 Manifold Assault         Tloc           8%         N/A       99%         5

Inventory:

Hand Weapons
 c - a +0 mace
 Y - a +1 hand axe (weapon)
Armour
 g - a +0 ring mail (worn)
Jewellery
 d - a ring of positive energy (left hand)
Scrolls
 b - a scroll of identify
Potions
 a - a potion of cancellation {unknown}
 e - 2 potions of mutation {unknown}
 f - a potion of attraction {unknown}
 i - a potion of brilliance {unknown}
 l - a potion of curing {unknown}

Dungeon Overview and Level Annotations

Branches:
Dungeon (2/15)

Altars:
Cheibriados


Message History

A gnoll comes into view. It is wielding a +0 club.
You barely miss the gnoll.
The gnoll throws a throwing net.
The throwing net barely misses you.
You hit the gnoll. Your kick misses the gnoll.
The gnoll is heavily wounded.
The gnoll hits you but does no damage.
You slash the gnoll!
You kill the gnoll!
You hit the gnoll but do no damage. The gnoll hits you but does no damage.
You completely miss the gnoll. The gnoll hits you with a +0 whip.
You slash the gnoll! Your peck misses the gnoll.
The gnoll is severely wounded.
A gnoll comes into view. It is wielding a +0 spear.
1822 ||| Stepping ~*~*~tactically~*~*~ (hiding).
You hit the gnoll. You claw the gnoll.
You kill the gnoll!
Your Axes skill increases to level 5!
You hit the gnoll but do no damage. Your kick misses the gnoll.
The gnoll hits you with a +0 club.
You closely miss the gnoll. The gnoll closely misses you.
You barely miss the gnoll. The gnoll closely misses you.
You hit the gnoll but do no damage. You claw the gnoll.
The gnoll is lightly wounded.
The gnoll barely misses you.
The gnoll hits you from afar with a +0 spear.
You hit the gnoll. Your peck misses the gnoll.
The gnoll is moderately wounded.
The gnoll closely misses you. x2
You hit the gnoll.
The gnoll is severely wounded.
The gnoll hits you with a +0 club.
The gnoll hits you from afar with a +0 spear!
You slash the gnoll!
You kill the gnoll!
The gnoll hits you from afar with a +0 spear.
You die...

#..#...#............#
##.+...'.#.######)#.#
#..#...#...# #.#.#
########.##+##.#.#
#.#.##
##................#
#.#.#.
#...#####.#.#.#.#.##
#.....
#..................#
#..###
#...########.####..#
#..# ##.##
###@####..# #..# #.##
#)))......# #..# #..#
#g#.#####.#####..###
#..#
#.#.................
#..##
#.#######.##########
#...# #. #.# ##..# #g
#.# #..# #. ... #..#
## ..>


You could see a gnoll.

Vanquished Creatures
  2 adders (D:2)
  3 gnolls (D:2)
  A worm (D:2)
  A dart slug (D:1)
  2 endoplasms
  2 giant cockroaches
  4 goblins
  3 hobgoblins (D:1)
  4 jackals (D:1)
  A quokka (D:2)
  2 ball pythons
  4 bats (D:1)
  2 frilled lizards (D:1)
  3 kobolds
  6 rats
40 creatures vanquished.

Vanquished Creatures (others)
  2 plants (D:1)
2 creatures vanquished.

Grand Total: 42 creatures vanquished

Notes
Turn   | Place    | Note
-------+----------+-------------------------------------------
     0 | D:1      | qw the Tengu Warper began the quest for the Orb.
     0 | D:1      | Reached XP level 1. HP: 12/12 MP: 4/4
     0 | D:1      | 0 ||| qw: Version: 0.1-a-89-g26bdef1
     0 | D:1      | 0 ||| qw: Game counter: 1007
     0 | D:1      | 0 ||| qw: Always use a shield: true
     0 | D:1      | 0 ||| qw: God list: Okawaru
     0 | D:1      | 0 ||| qw: Allow faded altars: false
     0 | D:1      | 0 ||| qw: Do Orc after D:15 true
     0 | D:1      | 0 ||| qw: Do second Lair branch before Depths: true
     0 | D:1      | 0 ||| qw: Lair rune preference: random
     0 | D:1      | 0 ||| qw: Plans: Normal
     0 | D:1      | 0 ||| PLANNING D:1-11
    33 | D:1      | Reached XP level 2. HP: 13/17 MP: 6/6
   125 | D:1      | Found a faded altar of an unknown god.
   126 | D:1      | Noticed a golden eye
   128 | D:1      | Noticed a floating eye
   128 | D:1      | Noticed an eye of devastation
   128 | D:1      | Noticed an eye of devastation
   132 | D:1      | Reached skill level 3 in Axes
   413 | D:1      | 413 ||| Stepping ~*~*~tactically~*~*~ (stealth).
   414 | D:1      | 414 ||| Stepping ~*~*~tactically~*~*~ (stealth).
   761 | D:1      | Reached XP level 3. HP: 21/21 MP: 7/7
  1110 | D:1      | 1110 ||| UPGRADING to +0 ring mail.
  1120 | D:1      | 1120 ||| DROPPING +0 leather armour.
  1121 | D:1      | 1121 ||| UPGRADING to ring of positive energy.
  1122 | D:1      | 1122 ||| READING scroll labelled SAIWUD HISKOBREV.
  1123 | D:1      | 1123 ||| READING scroll labelled UGHALE QOPT.
  1124 | D:1      | 1124 ||| READING scroll labelled AMEVEWUSTRI.
  1125 | D:1      | 1125 ||| READING scroll labelled GEOJIL ACZUAR.
  1126 | D:1      | 1126 ||| DROPPING scroll of blinking.
  1292 | D:2      | 1292 ||| Stepping ~*~*~tactically~*~*~ (stealth).
  1304 | D:2      | Reached skill level 4 in Axes
  1580 | D:2      | Found a snail-covered altar of Cheibriados.
  1581 | D:2      | 1581 ||| DROPPING +0 club.
  1610 | D:2      | Reached XP level 4. HP: 24/26 MP: 8/8
  1822 | D:2      | 1822 ||| Stepping ~*~*~tactically~*~*~ (hiding).
  1824 | D:2      | Reached skill level 5 in Axes
  1829 | D:2      | HP: 4/26 [gnoll/+0 spear (7)]
  1830 | D:2      | Slain by a gnoll

Levels and vault maps discovered:
D:1:      scummos_arrival_checkerplants, layout_basic,
          hellmonk_ecumenical_altar_watching_god,
          chequers_serial_rivers_small_a, serial_bayou_pond_b,
          minmay_stone_trees_small, minmay_box_of_dots
D:2:      layout_loops_ring, basic_altar, minmay_misc_feat_doors,
          grunt_ministairs_1

Skill      XL: |  1  2  3  4 |
---------------+-------------+-----
Axes           | 3 4 5 |  5.0
Fighting       | |  2.0
Throwing       | |  1.0
Armour         | |  1.1
Dodging        | |  2.1
Spellcasting   | |  2.0
Translocations | |  2.4

Action                   |  1- 3 |  4- 6 || total
-------------------------+-------+-------++-------
Melee: Hand axe          |    77 |    19 ||    96
       Kick              |    20 |     3 ||    23
       Peck              |    13 |     1 ||    14
Throw: Boomerang         |     7 |       ||     7
  Use: Scroll            |     4 |       ||     4
Armor: Leather armour    |    17 |       ||    17
       Ring mail         |     6 |     5 ||    11
Dodge: Dodged            |    50 |     9 ||    59

Table legend:
 A = Non-vault XP
 B = Vault XP
 C = Vault XP percentage of total XP
 D = Non-vault monster count
 E = Vault monster count
 F = Vault count percentage of total count
                 A         B        C        D         E       F
            +---------+---------+-------+---------+---------+-------
      Total |      91 |      38 |  29.5 |      32 |       8 |  20.0
            +---------+---------+-------+---------+---------+-------
        D:1 |      30 |      10 |  25.0 |      18 |       6 |  25.0
        D:2 |      61 |      28 |  31.5 |      14 |       2 |  12.5
            +---------+---------+-------+---------+---------+-------
